 Dungeon Crawl Stone Soup version 0.31-a0-196-g86fe4a5e66 (webtiles) character file.

Game seed: 2294043905096394226

1560 rabbitsville the Fighter (level 8, -24/75 HPs)
             Began as a Hill Orc Fighter on June 25, 2023.
             Was a Follower of Uskayaw.
             Killed by an exploding phantom (39 damage)
             ... ignited by their inner flame
             ... on level 7 of the Dungeon.
             The game lasted 00:19:37 (6075 turns).

rabbitsville the Fighter (Hill Orc Fighter)         Turns: 6075, Time: 00:19:37

Health: -24/75     AC:  8    Str: 19    XL:     8   Next: 89%
Magic:  8/8        EV:  9    Int:  8    God:    Uskayaw [*.....]
Gold:   331        SH:  6    Dex: 12    Spells: 7/7 levels left

rFire   . . .        n - +1 scimitar
rCold   . . .        c - +0 buckler
rNeg    + . .        b - +0 scale mail
rPois   .            (no helmet)
rElec   .            r - +0 cloak
rCorr   .            (no gloves)
SInv    +            (no boots)
Will    .....        m - amulet of faith Stlth
                     q - ring of positive energy
HPRegen 0.32/turn    (no ring)
MPRegen 0.11/turn

%: faith
@: lit by a corona, glowing
A: no striking features
a: Renounce Religion, Stomp


You were on level 7 of the Dungeon.
You worshipped Uskayaw.
Uskayaw was noncommittal.
You visited 2 branches of the dungeon, and saw 8 of its levels.

You collected 331 gold pieces.

Inventory:

Hand Weapons
 a - a +0 long sword
 n - a +1 scimitar (weapon)
Missiles
 w - a throwing net
Armour
 b - a +0 scale mail (worn)
 c - a +0 buckler (worn)
 r - a +0 cloak (worn)
Jewellery
 m - an amulet of faith (around neck)
 q - a ring of positive energy (left hand)
Scrolls
 e - a scroll of fog
 g - 11 scrolls of identify {unknown}
 h - a scroll of poison
 j - a scroll of enchant weapon
 o - a scroll of immolation
 p - a scroll of teleportation {unknown}
 s - a scroll of silence {unknown}
 x - a scroll of brand weapon {unknown}
Potions
 d - 3 potions of might
 f - a potion of heal wounds {unknown}
 k - 2 potions of curing
 l - a potion of resistance {unknown}
 t - a potion of mutation {unknown}
 u - a potion of enlightenment {unknown}
 v - a potion of berserk rage {unknown}


   Skills:
 + Level 8.4 Fighting
 + Level 7.1 Long Blades
 - Level 3.2 Armour
 - Level 7.6 Shields
 + Level 0.0 Invocations


You had 7 spell levels left.
You didn't know any spells.
Your spell library contained the following spells:

 Spells                   Type           Power      Damage    Failure   Level
 Apportation              Tloc           0%         N/A       83%         1
 Magic Dart               Conj           0%         1d3       83%         1
 Necrotise                Necr           0%         1d4       83%         1
 Sandblast                Erth           0%         2d4       83%         1
 Summon Small Mammal      Summ           0%         N/A       83%         1
 Blink                    Tloc           0%         N/A       93%         2
 Cigotuvi's Dreadful Rot  Necr/Pois/Air  0%         N/A       93%         2
 Lesser Beckoning         Tloc           0%         N/A       93%         2
 Momentum Strike          Conj/Tloc      0%         3d8       93%         2
 Searing Ray              Conj           0%         2d4       93%         2
 Frozen Ramparts          Ice            0%         1d1       99%         3
 Ignite Poison            Fire/Tmut/Pois 0%         N/A       99%         3
 Inner Flame              Hex/Fire       0%         N/A       99%         3
 Fulminant Prism          Conj/Hex       0%         3d5       100%        4
 Ice Form                 Ice/Tmut       0%         N/A       100%        4
 Summon Ice Beast         Ice/Summ       0%         N/A       100%        4
 Freezing Cloud           Conj/Ice/Air   0%         6-21      100%        5
 Yara's Violent Unravell  Hex/Tmut       0%         3d3       100%        5
 Enfeeble                 Hex            0%         N/A       100%        7


Dungeon Overview and Level Annotations

Branches:
Dungeon (7/15)             Temple (1/1) D:7

Altars:
Cheibriados
Kikubaaqudgha
Nemelex Xobeh
Okawaru
Ru
Sif Muna
Uskayaw
Yredelemnul

Shops:
D:7 [

Annotations:
D:7 Dowan, Duvessa


Message History

You hit the ogre.
The ogre is lightly wounded.
The phantom hits you but does no damage.
You hit the ogre.
The ogre is moderately wounded.
The ogre hits you with a +0 giant club!
The sky beast is engulfed in poison gas.
The sky beast is poisoned.
The phantom hits you.
You can now stomp with the beat.
You barely miss the ogre.
The ogre is moderately wounded.
The sky beast is engulfed in poison gas.
The sky beast looks even sicker.
You block the phantom's attack. The ogre barely misses you.
As you read the scroll labelled OMAER GEONN, it crumbles to dust.
It is a scroll of enchant weapon.
Your +0 scimitar glows red for a moment.
The sky beast is engulfed in poison gas.
The sky beast looks even sicker.
You block the phantom's attack.
As you read the scroll labelled DETERE JOICLUA, it crumbles to dust.
The creatures around you are filled with an inner flame!
It was a scroll of immolation.
The ogre hits you with a +0 giant club!!
The sky beast is engulfed in poison gas.
The sky beast looks as sick as possible!
Flame seeps out of the sky beast.
The sky beast flickers out of sight!
Deactivating autopickup; reactivate with Ctrl-A.
Something hits you. Something shocks you. You block the phantom's attack.
As you read the scroll labelled CITHOSM YTIP, it crumbles to dust.
You feel aware of your surroundings.
It was a scroll of revelation.
Reactivating autopickup.
The sky beast explodes!
The fiery explosion engulfs you!
* * * LOW HITPOINT WARNING * * *
The fiery explosion engulfs the ogre!!
The fiery explosion engulfs the phantom!!!
The phantom explodes!
The fiery explosion engulfs you!!!
Ouch! That really hurt!
You die...

****,,,**,***,**,,*,*,,,*,*
,,,,,,,*#.§○☼.....#.#○##*,*
,,,,,,,,.§.§§§....#☼#§.§,,****
,,,,,,..,○○.§§.....§§.§§,,,,,*
,,,,,.....§§.☼○...○☼.§§○,,**,*
,,,,......##§.§#.#§.○☼○.,,**,*
##***.....##§○#○#☼#§§...,,**,* .#
*........#☼#§#§#....,,**,* .#
**#.......#§@§#.....,,**,* .#
#......#§#§#○#....,,**,*
.######.....☼§#§#§#§§...,,**,*
......)...##○e§#.#○.○☼§.,,**,*
...........§.§☼...§○.###****,****
.........§§.§§#...###### *,,,<*
.........§.§§§#.#.###### ******
..........§○☼.#....#####
..........#..........*


You could see Dowan.

Vanquished Creatures
  2 sky beasts
  An ice beast (D:6)
  2 ogres
  2 centaurs
  A phantom (D:7)
  A gnoll sergeant (D:7)
  2 bullfrogs
  A wight (D:6)
  2 hounds
  6 jellies
  3 orc priests
  A gnoll bouda (D:4)
  Terence (D:2)
  An iguana (D:6)
  A sleepcap (D:5)
  4 orc wizards
  13 gnolls
  12 adders
  3 white imps
  A worm (D:2)
  2 dart slugs
  20 orcs
  3 ball pythons
  5 bats
  10 endoplasms
  2 giant cockroaches
  7 goblins
  6 hobgoblins
  12 kobolds
  2 quokkas (D:5)
  A frilled lizard (D:2)
  4 rats
134 creatures vanquished.

Notes
Turn   | Place    | Note
-------+----------+-------------------------------------------
     0 | D:1      | rabbitsville the Hill Orc Fighter began the quest for the
                  | Orb.
     0 | D:1      | Reached XP level 1. HP: 19/19 MP: 1/1
   421 | D:1      | Reached XP level 2. HP: 27/27 MP: 2/2
   713 | D:2      | Noticed Terence
   713 | D:2      | Found a faded altar of an unknown god.
   776 | D:2      | Reached skill level 4 in Fighting
   830 | D:2      | Killed Terence
   831 | D:2      | Reached XP level 3. HP: 6/34 MP: 3/3
  1071 | D:2      | Got Plato's Elucidation of the Boulder
  1160 | D:2      | Reached XP level 4. HP: 41/41 MP: 4/4
  1628 | D:3      | Reached skill level 5 in Fighting
  1628 | D:3      | Reached XP level 5. HP: 43/48 MP: 5/5
  2127 | D:3      | Found a sacrificial altar of Ru.
  2128 | D:3      | Found an iron altar of Okawaru.
  2330 | D:4      | Reached XP level 6. HP: 39/56 MP: 6/6
  2590 | D:4      | Reached skill level 5 in Shields
  3209 | D:5      | Entered Level 5 of the Dungeon
  3297 | D:5      | Reached skill level 6 in Fighting
  3484 | D:5      | Reached XP level 7. HP: 59/63 MP: 7/7
  3703 | D:5      | Found a shimmering blue altar of Sif Muna.
  3731 | D:5      | Reached skill level 5 in Long Blades
  4161 | D:6      | Found a basalt altar of Yredelemnul.
  4687 | D:6      | Reached skill level 7 in Fighting
  4822 | D:6      | Reached XP level 8. HP: 42/73 MP: 8/8
  5586 | D:7      | Noticed Duvessa
  5657 | D:7      | Reached skill level 8 in Fighting
  6005 | D:7      | Found Mynk's Antique Armour Shoppe.
  6005 | D:7      | Noticed Dowan
  6019 | D:7      | Found a staircase to the Ecumenical Temple.
  6030 | Temple   | Entered the Ecumenical Temple
  6051 | Temple   | Became a worshipper of Uskayaw the Reveller
  6071 | D:7      | Reached * piety under Uskayaw
  6075 | D:7      | Killed by an exploding phantom... ignited by their inner
                  | flame

Illustrated notes

Levels and vault maps discovered:
D:1:      shiori_shiawase, layout_basic, due_unseen_surprise
D:2:      layout_rooms, shapermc_ecumenical_altar_rom_forum,
          minmay_crystal_water, uniq_terence
D:3:      cheibrodos_fertilizer, layout_basic, nicolae_overflow_squiral
D:4:      layout_basic
D:5:      layout_loops_ring, general_overflow_altar
D:6:      layout_basic, yredelemnul_altar_generic, minmay_misc_feat_encased,
          corexii_shack, serial_bayou_pond_b
D:7:      layout_basic, minmay_temple_entry_grid, serial_shops,
          nicolae_shop_trees, uniq_duvessa
Temple:   nicolae_temple_god_jail

Skill      XL: |  1  2  3  4  5  6  7  8 |
---------------+-------------------------+-----
Fighting       | 4 5 6 7 8 |  8.4
Long Blades    | 3 4 5 7 |  7.1
Shields        | 4 5 6 7 |  7.6
Armour         | |  3.2

Action                     |  1- 3 |  4- 6 |  7- 9 || total
---------------------------+-------+-------+-------++-------
  Melee: Long sword        |    89 |    84 |       ||   173
         Scimitar          |       |   112 |   245 ||   357
    Use: Scroll            |       |       |     5 ||     5
         Potion            |       |       |     3 ||     3
 Armour: Scale mail        |    56 |    75 |    89 ||   220
  Dodge: Dodged            |    47 |    83 |    84 ||   214
  Block: Buckler           |    27 |    47 |    56 ||   130

Table legend: (Time is in decaauts)
 A = Elapsed time spent in this place.
 B = Non-inter-level travel time spent in this place.
 C = Inter-level travel time spent in this place.
 D = Time resting spent in this place.
 E = Time spent auto-exploring this place.
 F = Levels seen in this place.
 G = Mean time per level.
                   A        B        C        D        E       F      G
               +--------+--------+--------+--------+--------+-----+--------+
         Total |   6186 |   5997 |    189 |    423 |   3398 |   8 |  773.2 |
       Dungeon |   6149 |   5960 |    189 |    423 |   3394 |   7 |  878.4 |
        Temple |     36 |     36 |      0 |      0 |      4 |   1 |   36.0 |
               +--------+--------+--------+--------+--------+-----+--------+

Top non-repeatable levels by time:
     D:6: 1484 daAuts
     D:4: 1001 daAuts
     D:5: 985 daAuts
     D:1: 867 daAuts
     D:3: 784 daAuts
     D:2: 697 daAuts
     D:7: 329 daAuts
  Temple: 36 daAuts
